cohdb
Replays
Latest Replays
All Replays
Popular Replays
Top Player Replays
Match Explorer
How It Works
Community
CoH3 Stats
Reddit
Sign in to upload your games and track your stats! →
Sign in with Steam
Match 43999049
Unlisted
Match 43999049
Overview
Messages
Build Orders
End
Selects Italian Combined Arms Battlegroup
Selects Bersaglieri Squad
Bersaglieri Squad
Panzerpioneer Squad
Bersaglieri Squad
Bersaglieri Squad
Construct Light Support Kompanie
Selects Bersaglieri Bolster
2.5-tonne Medical Truck
Assault Mechanized Group
Construct Mechanized Kompanie
8 Rad Armored Car
Assault Mechanized Group
Advanced Field Repairs
Construct Panzerarmee Kommand
Selects Semovente da 75/18 Assault Gun
Selects Breda Model 30 Light Machine Guns
Selects Strafing Run
Selects Pact of Steel
Emergency Repair Kits
Armored Reserves
Support Armor Elements
Panzer III Assault Group
Vehicle Survival Package
Strafing Run
Tiger Heavy Tank
Strafing Run
18-tonne Recovery Half-track
18-tonne Recovery Half-track
Strafing Run
Panzer IV Assault Group
Strafing Run
JEFG
Seocheon
ConcernedApe
101st.Airbone
0
0
Comments
sign in to comment!
No comments posted yet!